 Dungeon Crawl Stone Soup version 0.32-a0-898-g7811c86cf0 (webtiles) character file.

Game seed: 4658739389736343329

97 BuckBreaker the Shield-Bearer (level 5, -2/42 HPs)
             Began as a Formicid Fighter on Apr 4, 2024.
             Killed from afar by Robin (7 damage)
             ... with a puff of flame
             ... on level 2 of the Dungeon.
             The game lasted 00:02:16 (1390 turns).

BuckBreaker the Shield-Bearer (Formicid Fighter)    Turns: 1390, Time: 00:02:17

Health: -2/42      AC:  8    Str: 22    XL:     5   Next: 0%
Magic:  5/5        EV:  8    Int:  8    God:
Gold:   78         SH:  5    Dex: 13    Spells: 4/4 levels left

rFire   . . .        a - +0 war axe
rCold   . . .        c - +0 buckler
rNeg    . . .        b - +0 scale mail
rPois   .            (helmet unavailable)
rElec   .            (no cloak)
rCorr   .            f - +0 pair of gloves
SInv    +            (no boots)
Will    .....        (no amulet) Stlth
                     (no ring)
HPRegen 0.27/turn    (no ring)
MPRegen 0.09/turn

%: no passive effects
@: no status effects
A: permanent stasis, dig shafts and tunnels, antennae 3, four strong arms
a: Dig, Shaft Self


You were on level 2 of the Dungeon.
You visited 1 branch of the dungeon, and saw 2 of its levels.

You collected 78 gold pieces.

Inventory:

Hand Weapons
 a - a +0 war axe (weapon)
Missiles
 j - 4 poisoned darts
Armour
 b - a +0 scale mail (worn)
 c - a +0 buckler (worn)
 f - a +0 pair of gloves (worn)
Scrolls
 h - a scroll of silence
 i - 2 scrolls of enchant weapon
 l - a scroll of enchant armour
 n - a scroll of amnesia {unknown}
Potions
 d - a potion of might
 e - a potion of curing {unknown}
 g - a potion of heal wounds {unknown}
 k - a potion of ambrosia {unknown}
 m - a potion of degeneration {unknown}
 o - a potion of resistance {unknown}


   Skills:
 + Level 4.0 Fighting
 * Level 2.9 Axes
 + Level 4.1 Armour
 + Level 4.9 Shields


You had 4 spell levels left.
You didn't know any spells.
Your spell library was empty.

Dungeon Overview and Level Annotations

Branches:
Dungeon (2/15)

Altars:

Annotations:
D:2 Robin


Innate Abilities, Weirdness & Mutations

You cannot be hasted, slowed, berserked, paralysed or teleported.
You can dig through walls and to a lower floor.
You have a pair of large antennae on your head. (SInv)
Your four strong arms can wield two-handed weapons with a shield.


Message History

The quokka bites you but does no damage.
You block the goblin's attack.
Robin says, "A pitiful Ant like you will never find the ORB!"
Robin hits you but does no damage. You block the quokka's attack.
You closely miss the quokka. You slash the goblin!
You kill the goblin!
You block the quokka's attack. Robin hits you but does no damage.
The quokka bites you but does no damage.
Robin barely misses you.
You slash the quokka!
You kill the quokka!
Robin hits you but does no damage.
You have reached level 5!
Robin closely misses you.
Items here: ))) †.
You closely miss Robin.
Robin zaps a wand.
The puff of flame hits you! Robin barely misses you.
You hit Robin but do no damage. Robin hits you with a +0 spear.
* * * LOW HITPOINT WARNING * * *
You slash Robin!
Robin is heavily wounded.
Robin hits you with a +0 spear.
* * * LOW HITPOINT WARNING * * *
You slash Robin!
Robin is almost dead.
Robin says, "My army is invincible!"
Robin zaps a wand.
The puff of flame hits you.
* * * LOW HITPOINT WARNING * * *
You block Robin's attack.
You barely miss Robin.
Robin is almost dead.
Robin hits you but does no damage.
You barely miss Robin.
Robin is almost dead.
Robin says, "Kneel, worm!"
Robin hits you with a +0 spear.
* * * LOW HITPOINT WARNING * * *
Robin zaps a wand.
The puff of flame hits you!
You die...
Robin says, "And that's why I'm the boss."

......##########.....###.#.# #
......').................#.######
......##########.....#####.##....
......# #.)...# #.##.### ......#
###.### #.##.... ......#
#.#######....... ......# #
#........####### ......#
#...############.# ......#
#.....g@.)...# #.# #### #######
#....#######.###.####... ... ,
#...).#...... . #.#####.##...
#........#### #.#####..#
#.#...#..# #.....#..#
########.###..#


You could see Robin.

Vanquished Creatures
  Terence (D:2)
  2 adders (D:2)
  A dart slug (D:1)
  A ribbon worm (D:2)
  4 ball pythons
  3 bats
  5 endoplasms
  3 giant cockroaches
  11 goblins
  3 hobgoblins
  4 quokkas
  3 frilled lizards
  A kobold (D:1)
  4 rats
46 creatures vanquished.

Notes
Turn   | Place    | Note
-------+----------+-------------------------------------------
     0 | D:1      | BuckBreaker the Formicid Fighter began the quest for the
                  | Orb.
     0 | D:1      | Reached XP level 1. HP: 18/18 MP: 1/1
    84 | D:1      | Reached XP level 2. HP: 24/24 MP: 2/2
   364 | D:1      | Reached XP level 3. HP: 29/29 MP: 3/3
   982 | D:2      | Reached XP level 4. HP: 37/37 MP: 4/4
  1091 | D:2      | Noticed Terence
  1097 | D:2      | Killed Terence
  1370 | D:2      | Noticed Robin
  1384 | D:2      | Reached XP level 5. HP: 24/42 MP: 5/5
  1390 | D:2      | Killed from afar by Robin

Illustrated notes

Levels and vault maps discovered:
D:1:      reono_arrival_mine, layout_basic, grunt_decor_mini_mirrors
D:2:      layout_basic, uniq_robin, uniq_terence

Skill      XL: |  1  2  3  4 |
---------------+-------------+-----
Fighting       | 4 |  4.0
Armour         | 4 |  4.1
Axes           | |  2.9
Shields        | |  4.9

Action                     |  1- 3 |  4- 6 || total
---------------------------+-------+-------++-------
  Melee: War axe           |    95 |    45 ||   140
    Use: Scroll            |     4 |       ||     4
 Armour: Scale mail        |    84 |    55 ||   139
  Dodge: Dodged            |    42 |    21 ||    63
  Block: Buckler           |    25 |    16 ||    41

Table legend: (Time is in decaauts)
 A = Elapsed time spent in this place.
 B = Non-inter-level travel time spent in this place.
 C = Inter-level travel time spent in this place.
 D = Time resting spent in this place.
 E = Time spent auto-exploring this place.
 F = Levels seen in this place.
 G = Mean time per level.
                   A        B        C        D        E       F      G
               +--------+--------+--------+--------+--------+-----+--------+
         Total |   1445 |   1405 |     40 |      0 |    987 |   2 |  722.5 |
       Dungeon |   1445 |   1405 |     40 |      0 |    987 |   2 |  722.5 |
               +--------+--------+--------+--------+--------+-----+--------+

Top non-repeatable levels by time:
     D:2: 834 daAuts
     D:1: 611 daAuts
